[Event "Betsys MČR v online bleskovém šachu 2021"]
[Site "Chess.com"]
[Date "2021.04.17"]
[Round "7"]
[White "SanyH"]
[Black "krajic001"]
[Result "1-0"]
[WhiteElo "1606"]
[BlackElo "1222"]
[TimeControl "180+1"]
[EndTime "10:08:54 PDT"]
[Termination "Uživatel SanyH zvítězil po vzdání soupeře"]

1. e4 e5 2. f4 d5 3. exd5 Qxd5 4. Nc3 Qe6 5. Be2 Nf6 6. Nf3 exf4 7. O-O Bd6 8. Re1 O-O 9. d4 Qd7 10. Bd3 Nc6 11. Ne4 Nxe4 12. Bxe4 Re8 13. c3 Qg4 14. Qd3 f5 15. Bd5+ Kh8 16. Rxe8+ 1-0

[Event "Betsys MČR v online bleskovém šachu 2021"]
[Site "Chess.com"]
[Date "2021.04.17"]
[Round "7"]
[White "Smetanka674"]
[Black "Nevimjakhrat"]
[Result "1-0"]
[WhiteElo "1761"]
[BlackElo "1466"]
[TimeControl "180+1"]
[EndTime "10:09:01 PDT"]
[Termination "Uživatel Smetanka674 zvítězil po vzdání soupeře"]

1. d4 Nf6 2. c4 e6 3. Nc3 Bb4 4. Nf3 b6 5. Bg5 Bb7 6. e3 h6 7. Bh4 g5 8. Bg3 Ne4 9. Rc1 Nxg3 10. hxg3 d5 11. Bd3 Nd7 12. Kf1 Bxc3 13. Rxc3 Nf6 14. Qa4+ c6 15. Nxg5 b5 16. cxb5 cxb5 17. Qxb5+ Qd7 18.
Qxd7+ Nxd7 19. Rc7 Ke7 20. Nxf7 Bc8 21. Nxh8 1-0

[Event "Betsys MČR v online bleskovém šachu 2021"]
[Site "Chess.com"]
[Date "2021.04.17"]
[Round "7"]
[White "Qb1xh8"]
[Black "mendryxchess"]
[Result "1-0"]
[WhiteElo "2151"]
[BlackElo "1786"]
[TimeControl "180+1"]
[EndTime "10:09:06 PDT"]
[Termination "Uživatel Qb1xh8 zvítězil po vzdání soupeře"]

1. d4 Nf6 2. Nf3 e6 3. Bg5 Be7 4. e3 d5 5. Bd3 O-O 6. O-O c5 7. c3 Nc6 8. Nbd2 Re8 9. Re1 c4 10. Bc2 b5 11. e4 dxe4 12. Nxe4 a5 13. Nxf6+ Bxf6 14. Bxf6 Qxf6 15. Be4 Bb7 16. Ne5 Rec8 17. Qh5 h6 18. Re3 Rab8 19. Rf3 Qe7 20. Rxf7 Qd6 21.
Qg6 1-0

[Event "Betsys MČR v online bleskovém šachu 2021"]
[Site "Chess.com"]
[Date "2021.04.17"]
[Round "7"]
[White "Michaela1994"]
[Black "DiscoSTU666"]
[Result "1-0"]
[WhiteElo "1641"]
[BlackElo "1874"]
[TimeControl "180+1"]
[EndTime "10:09:07 PDT"]
[Termination "Uživatel Michaela1994 zvítězil matem"]

1. e4 c5 2. c3 e6 3. d4 d5 4. e5 Nc6 5. Nf3 Bd7 6. Bd3 f6 7. O-O Qb6 8. Bc2 O-O-O 9. a4 Qc7 10. Na3 a6 11. Be3 c4 12. b3 cxb3 13. Bxb3 fxe5 14. dxe5 Nxe5 15. Nxe5 Qxe5 16. Bd4 Qf5 17. Nc2 Nf6 18. Ne3 Qg6 19. c4 dxc4 20. Nxc4 Kb8 21. Be5+ Ka7 22. Qd4+ Ka8 23. Nb6+ Ka7 24. Nc8+ Ka8 25. Qa7# 1-0

[Event "Betsys MČR v online bleskovém šachu 2021"]
[Site "Chess.com"]
[Date "2021.04.17"]
[Round "7"]
[White "MiroslavBucek"]
[Black "MatejKopecky13"]
[Result "1/2-1/2"]
[WhiteElo "1615"]
[BlackElo "1510"]
[TimeControl "180+1"]
[EndTime "10:09:09 PDT"]
[Termination "Remíza opakováním pozice"]

1. e4 e6 2. d4 d5 3. Nc3 Nd7 4. Nf3 dxe4 5. Nxe4 Ngf6 6. Bg5 Be7 7. Bd3 h6 8. Bh4 Nxe4 9. Bxe7 Qxe7 10. Bxe4 Nf6 11.
Bd3 O-O 12. O-O Bd7 13. Re1 c5 14. dxc5 Qxc5 15. Qe2 Rad8 16. Rad1 Bc6 17. b3 Rfe8 18. Qe5 Qb6 19. Qg3 Nh5 20. Qg4 Nf6 21. Qg3 Nh5 22.
Qe5 Nf6 23. Nh4 Ng4 24. Qg3 Nf6 25. Nf3 1/2-1/2

[Event "Betsys MČR v online bleskovém šachu 2021"]
[Site "Chess.com"]
[Date "2021.04.17"]
[Round "7"]
[White "pkozubik"]
[Black "zdenav"]
[Result "0-1"]
[WhiteElo "1168"]
[BlackElo "1823"]
[TimeControl "180+1"]
[EndTime "10:09:11 PDT"]
[Termination "Uživatel zdenav zvítězil po vzdání soupeře"]

1. e4 e5 2. Nf3 Nf6 3. Bc4 Nxe4 4. Nxe5 d5 5. Qf3 Nf6 6. Bb3 Be7 7. d3 O-O 8. O-O c6 9. Bg5 Nbd7 10. Nc3 Nxe5 11.
Bxf6 Bxf6 12. Qf4 Ng6 13. Qf3 b5 14. g3 a5 15. a3 Qd6 16. h4 Be6 17. h5 Ne5 18. Rae1 Nxf3+ 0-1

[Event "Betsys MČR v online bleskovém šachu 2021"]
[Site "Chess.com"]
[Date "2021.04.17"]
[Round "7"]
[White "AlenaSouralova"]
[Black "Maty122"]
[Result "1-0"]
[WhiteElo "921"]
[BlackElo "958"]
[TimeControl "180+1"]
[EndTime "10:09:14 PDT"]
[Termination "Uživatel AlenaSouralova zvítězil matem"]

1. e4 e5 2. Nf3 Nc6 3. Nc3 Bb4 4. Bc4 Nf6 5. d3 O-O 6. Be3 d5 7. exd5 Nxd5 8. Bxd5 Qxd5 9. Qd2 Rd8 10. O-O-O Bxc3 11. bxc3 Bg4 12. h3 Bxf3 13. gxf3 Qxf3 14. Rdg1 Qd5 15.
Bh6 g6 16. Qg5 Rd6 17. Qe7 Qxa2 18. Qxc7 a5 19. Qxd6 Qa1+ 20. Kd2 Qa4 21. Qf6 Ne7 22. Qg7# 1-0

[Event "Betsys MČR v online bleskovém šachu 2021"]
[Site "Chess.com"]
[Date "2021.04.17"]
[Round "7"]
[White "JanBaraCZE"]
[Black "Listro33"]
[Result "0-1"]
[WhiteElo "1596"]
[BlackElo "1866"]
[TimeControl "180+1"]
[EndTime "10:09:27 PDT"]
[Termination "Uživatel Listro33 zvítězil po vzdání soupeře"]

1. d4 Nf6 2. c4 e6 3. Nc3 d5 4. cxd5 exd5 5. Nf3 Be7 6. g3 O-O 7. Bg2 b6 8. O-O Bb7 9. Bg5 Nbd7 10. Re1 c5 11. dxc5 Nxc5 12. Ne5 Nfe4 13. Bxe7 Qxe7 14.
Nxe4 Nxe4 15. Bxe4 dxe4 16. Nc4 Rfd8 17. Qc2 Rac8 18.
b3 b5 19. Qb2 bxc4 20. bxc4 Ba8 21. Red1 Qb7 22. Qxb7 Bxb7 23. Rxd8+ Rxd8 24. Rb1 Bc6 25. Rb2 g6 26. e3 Rd1+ 27. Kg2 Rc1 28. Rb8+ Kg7 29. Rb4 a5 30. Rb6 Rxc4 31. Ra6 a4 32. h4 Bd7 33. Ra7 Be6 34. f3 Rc2+ 35. Kf1 exf3 36. Rxa4 Rxa2 37. Rf4 f2 38. Rxf2 Rxf2+ 39. Kxf2 Kf6 40. Kf3 Bd5+ 41. e4 Bb7 42. Kf4 Bc8 43.
g4 h5 44. g5+ Ke6 45. e5 Bb7 0-1

[Event "Betsys MČR v online bleskovém šachu 2021"]
[Site "Chess.com"]
[Date "2021.04.17"]
[Round "7"]
[White "tudlenudle"]
[Black "petrgnojek"]
[Result "0-1"]
[WhiteElo "1940"]
[BlackElo "2263"]
[TimeControl "180+1"]
[EndTime "10:09:29 PDT"]
[Termination "Uživatel petrgnojek zvítězil po vzdání soupeře"]

1. e4 c5 2. Nf3 e6 3. d4 cxd4 4. Nxd4 Nf6 5. Nc3 d6 6. g3 Be7 7. Bg2 O-O 8. O-O Nc6 9. a4 Bd7 10. Nb3 Rc8 11. f4 Na5 12. g4 Nxb3 13. cxb3 Bc6 14.
g5 Nd7 15. Rf3 f5 16. Rh3 g6 17. Be3 a6 18. Qd4 Rf7 19. Re1 Nf8 20. Bd2 fxe4 21. Nxe4 Bxe4 22. Bxe4 d5 23. Bd3 Bc5 24. Bc3 Bxd4+ 25.
Bxd4 Rxf4 26. Bf6 Rxf6 27. gxf6 Qxf6 28. Rhe3 Qxb2 0-1

[Event "Betsys MČR v online bleskovém šachu 2021"]
[Site "Chess.com"]
[Date "2021.04.17"]
[Round "7"]
[White "Petr_Zacek"]
[Black "vadoto"]
[Result "1-0"]
[WhiteElo "1754"]
[BlackElo "1345"]
[TimeControl "180+1"]
[EndTime "10:09:38 PDT"]
[Termination "Uživatel Petr_Zacek zvítězil matem"]

1. d4 d5 2. Nf3 Nc6 3. e3 Nf6 4.
c3 Bg4 5. Bd3 e6 6. O-O Bd6 7.
Nbd2 Qe7 8. e4 O-O-O 9. e5 Nh5 10. exd6 Qxd6 11. h3 Bxf3 12. Nxf3 f5 13. Ne5 Nxe5 14.
dxe5 Qxe5 15. Qxh5 g6 16. Qf3 Rdf8 17. Bf4 Qf6 18.
Rfe1 Re8 19. Be5 Qf8 20. Bxh8 Qxh8 21. c4 dxc4 22. Bxc4 Qxb2 23. Rab1 Qa3 24. Qxb7+ Kd8 25. Rbd1+ Ke7 26. Rxe6+ Kf8 27. Rf6+ Ke7 28. Rf7# 1-0

[Event "Betsys MČR v online bleskovém šachu 2021"]
[Site "Chess.com"]
[Date "2021.04.17"]
[Round "7"]
[White "Lisak007"]
[Black "CrisBenton4"]
[Result "1-0"]
[WhiteElo "1838"]
[BlackElo "1451"]
[TimeControl "180+1"]
[EndTime "10:09:39 PDT"]
[Termination "Uživatel Lisak007 zvítězil matem"]

1. e4 e5 2. Nc3 Nc6 3. Bc4 Bc5 4. d3 d6 5. Nge2 Nf6 6. O-O h6 7. Kh1 O-O 8. f4 exf4 9. Nxf4 Bg4 10. Qe1 Nd4 11.
Bb3 Nxb3 12. axb3 a6 13. Nfd5 Nxd5 14. Nxd5 Be6 15. Nf4 Qe8 16. Qg3 Bd4 17. c3 Bf6 18. Nh5 Be5 19. Qh4 c5 20. Nxg7 Bxg7 21. Bxh6 Bxh6 22. Qxh6 f6 23. Rf3 Kf7 24. Qh7# 1-0

[Event "Betsys MČR v online bleskovém šachu 2021"]
[Site "Chess.com"]
[Date "2021.04.17"]
[Round "7"]
[White "clarissamcclellan"]
[Black "pepca"]
[Result "1-0"]
[WhiteElo "1833"]
[BlackElo "1526"]
[TimeControl "180+1"]
[EndTime "10:09:41 PDT"]
[Termination "Uživatel clarissamcclellan zvítězil matem"]

1. d4 d5 2. c4 e6 3. Nf3 Nf6 4. g3 c5 5. Bg2 Nc6 6. O-O dxc4 7.
dxc5 Bxc5 8. Qxd8+ Nxd8 9. Ne5 O-O 10. Nd2 Rb8 11. Ndxc4 b5 12. Na5 Bd4 13. Nec6 Nxc6 14.
Nxc6 Rb6 15. Nxd4 Rd8 16. Be3 e5 17. Nc6 Re8 18. Rfd1 Ra6 19. Rd2 Ng4 20. Rad1 Nxe3 21. fxe3 Bb7 22. Rd8 Bxc6 23. Bxc6 Rf8 24. Bxb5 Rxa2 25.
Rxf8+ Kxf8 26. Rd2 Ke7 27. Kf2 e4 28. Bc6 f5 29.
Rd7+ Kf6 30. Rb7 a5 31. Rb6 Kg5 32. Rb5 g6 33. Rb7 h5 34. Rb6 a4 35. Be8 a3 36.
Rxg6# 1-0

[Event "Betsys MČR v online bleskovém šachu 2021"]
[Site "Chess.com"]
[Date "2021.04.17"]
[Round "7"]
[White "Rubinus"]
[Black "Maldaj"]
[Result "0-1"]
[WhiteElo "2174"]
[BlackElo "2419"]
[TimeControl "180+1"]
[EndTime "10:09:51 PDT"]
[Termination "Uživatel Maldaj zvítězil po vzdání soupeře"]

1. e4 c5 2. Nf3 d6 3. d4 cxd4 4. Nxd4 Nf6 5. Nc3 a6 6. Bg5 Nbd7 7. Qd2 e6 8. O-O-O Be7 9. f4 O-O 10. Be2 Qc7 11. g4 b5 12. Bxf6 Nxf6 13. g5 b4 14. gxf6 bxc3 15. Qxc3 Qxc3 16. bxc3 Bxf6 17. Rhg1 Bb7 18.
Bd3 Rac8 19. Kd2 Rc5 20. Rb1 Ba8 21. Rb6 Rxc3 22. Rxd6 Ra3 23. e5 Be7 24. Rd7 Bc5 25. Ke3 Bc6 26. Rc7 Rd8 27. Rxc6 Bxd4+ 28. Ke4 Bxg1 29.
Rxa6 Rd4+ 30. Kf3 Rdxd3+ 31. Ke4 Rxa6 32. cxd3 Rxa2 0-1

[Event "Betsys MČR v online bleskovém šachu 2021"]
[Site "Chess.com"]
[Date "2021.04.17"]
[Round "7"]
[White "zarathutra"]
[Black "Svisthorsky"]
[Result "1-0"]
[WhiteElo "1812"]
[BlackElo "1459"]
[TimeControl "180+1"]
[EndTime "10:09:51 PDT"]
[Termination "Uživatel zarathutra zvítězil na čas"]

1. d4 d5 2. c4 Nf6 3. cxd5 Nxd5 4. e4 Nf6 5. Nc3 e5 6. d5 Bb4 7. Qa4+ Bd7 8. Qxb4 c6 9. Qxb7 cxd5 10. Qxa8 O-O 11. Qxa7 dxe4 12. Be3 Nc6 13. Qb6 Qe7 14. Bc5 Qe6 15.
Bxf8 1-0

[Event "Betsys MČR v online bleskovém šachu 2021"]
[Site "Chess.com"]
[Date "2021.04.17"]
[Round "7"]
[White "zaciname"]
[Black "dzerenyss"]
[Result "0-1"]
[WhiteElo "721"]
[BlackElo "1129"]
[TimeControl "180+1"]
[EndTime "10:09:53 PDT"]
[Termination "Uživatel dzerenyss zvítězil matem"]

1. e4 c5 2. Nf3 d6 3. d4 cxd4 4. Nxd4 Nf6 5. Nc3 e5 6. Nf3 Bg4 7. Be2 Nc6 8. Ng5 Bxe2 9. Qxe2 h6 10. Nf3 d5 11. a3 Bc5 12. O-O O-O 13. b4 Bb6 14. Bb2 Qd6 15. Rad1 Rad8 16. Nb5 Qe6 17.
Rd2 dxe4 18. Ne1 Rxd2 19. Qxd2 Rd8 20. Qe2 Nd4 21. Qe3 Nxc2 22. Nxc2 Bxe3 23. fxe3 Qg4 24. Nc3 Rd2 25. Rc1 Qxg2# 0-1

[Event "Betsys MČR v online bleskovém šachu 2021"]
[Site "Chess.com"]
[Date "2021.04.17"]
[Round "7"]
[White "5265"]
[Black "kaprasov"]
[Result "1-0"]
[WhiteElo "1638"]
[BlackElo "1862"]
[TimeControl "180+1"]
[EndTime "10:09:54 PDT"]
[Termination "Uživatel 5265 zvítězil na čas"]

1. e4 c5 2. c3 d6 3. d4 Nf6 4. Bd3 g6 5. Nf3 Bg7 6. dxc5 dxc5 7. O-O O-O 8. Be3 b6 9. e5 Nd5 10. Be4 Bb7 11. Bg5 c4 12. b3 cxb3 13. axb3 h6 14.
Bh4 g5 15. Bg3 e6 16. c4 Ba6 17. Re1 Qc8 18. cxd5 exd5 19. Qxd5 Nd7 20. Na3 Rb8 21. Rac1 Qd8 22. Red1 1-0

[Event "Betsys MČR v online bleskovém šachu 2021"]
[Site "Chess.com"]
[Date "2021.04.17"]
[Round "7"]
[White "VojtechPlat"]
[Black "vit_rosenbaum"]
[Result "0-1"]
[WhiteElo "2845"]
[BlackElo "2264"]
[TimeControl "180+1"]
[EndTime "10:09:59 PDT"]
[Termination "Uživatel vit_rosenbaum zvítězil po vzdání soupeře"]

1. e4 e6 2. d4 d5 3. Nd2 Nf6 4. e5 Nfd7 5. Bd3 c5 6. c3 Nc6 7. Ne2 cxd4 8. cxd4 f6 9. Nf4 Nxd4 10. Qh5+ Ke7 11. Ng6+ hxg6 12. exf6+ gxf6 13. Qxh8 Ne5 14. Bxg6 Nxg6 15. Qh7+ Kd6 16. Qxg6 Be7 17. Qd3 e5 18.
Nb3 Bf5 19. Qd2 Nc2+ 20. Kf1 Nxa1 21. Nxa1 Qb6 22. b3 Ke6 23. h4 Bb4 24. Qe2 Rc8 25.
Bb2 Bc3 26. g4 Be4 27. Rh3 Bxb2 28. Qxb2 Qc5 29. Re3 Qc1+ 30. Qxc1 Rxc1+ 31. Re1 Bd3+ 0-1

[Event "Betsys MČR v online bleskovém šachu 2021"]
[Site "Chess.com"]
[Date "2021.04.17"]
[Round "7"]
[White "kubaches123"]
[Black "karimaster100"]
[Result "1-0"]
[WhiteElo "2086"]
[BlackElo "2239"]
[TimeControl "180+1"]
[EndTime "10:10:02 PDT"]
[Termination "Uživatel kubaches123 zvítězil po vzdání soupeře"]

1. d4 Nf6 2. c4 g6 3. Nc3 d5 4. cxd5 Nxd5 5. e4 Nxc3 6. bxc3 Bg7 7. Nf3 c5 8. Rb1 O-O 9. Be2 b6 10. O-O Ba6 11. Bxa6 Nxa6 12. Qe2 Qc8 13. Bf4 Rd8 14. Rfd1 Qb7 15. Rbc1 cxd4 16. cxd4 Rac8 17. d5 Rxc1 18.
Rxc1 Nc5 19. Be5 e6 20. Bxg7 Kxg7 21. Qb2+ Kg8 22. Rxc5 exd5 23. Rxd5 Rxd5 24. exd5 Qxd5 25. h3 b5 26. a3 a5 27. Nd4 b4 28. axb4 axb4 29.
Qxb4 Qe4 30. Qd2 h5 31. Qe3 Qd5 32. g3 Qc4 33. h4 Qd5 34. Nf3 Qc4 35. Kg2 Qd5 36.
Qe8+ Kg7 37. Qe5+ 1-0

[Event "Betsys MČR v online bleskovém šachu 2021"]
[Site "Chess.com"]
[Date "2021.04.17"]
[Round "7"]
[White "indebol"]
[Black "Hroch_Hippo"]
[Result "1/2-1/2"]
[WhiteElo "1534"]
[BlackElo "1098"]
[TimeControl "180+1"]
[EndTime "10:10:03 PDT"]
[Termination "Remíza opakováním pozice"]

1. e4 e5 2. Nf3 Nc6 3. d4 exd4 4.
Nxd4 Bc5 5. Nxc6 bxc6 6. Bd3 Qf6 7. O-O Ne7 8. Nc3 d5 9. h3 dxe4 10. Nxe4 Qe5 11. Re1 Qd4 12. Nxc5 Qxc5 13. Be3 Qd6 14. Qh5 g6 15. Qf3 Be6 16. Rad1 Qb4 17. b3 O-O 18. Bg5 Rae8 19. Bxe7 Rxe7 20. Qxc6 Bd7 21. Qa6 Rxe1+ 22.
Rxe1 Qxe1+ 23. Kh2 Qe5+ 24. Kh1 Qa1+ 25. Kh2 Qe5+ 26.
g3 Qd4 27. Kg1 Qa1+ 28. Kh2 Qd4 29. Kg1 Qa1+ 30. Kh2 Qd4 1/2-1/2

[Event "Betsys MČR v online bleskovém šachu 2021"]
[Site "Chess.com"]
[Date "2021.04.17"]
[Round "7"]
[White "matyson523"]
[Black "marecek1754"]
[Result "0-1"]
[WhiteElo "1803"]
[BlackElo "2172"]
[TimeControl "180+1"]
[EndTime "10:10:06 PDT"]
[Termination "Uživatel marecek1754 zvítězil matem"]

1. e4 e5 2. Nf3 Nc6 3. d4 exd4 4. Bc4 Bc5 5. c3 Nf6 6. O-O Nxe4 7. cxd4 d5 8. Re1 Be7 9. Nc3 Nxc3 10. bxc3 dxc4 11.
Bg5 f6 12. Bf4 O-O 13. Qe2 Bd6 14. Qxc4+ Kh8 15. Be3 Bg4 16. d5 Bxf3 17. gxf3 Ne5 18. Qe2 Qe8 19. f4 Qg6+ 20. Kh1 Qe4+ 21. Kg1 Nf3+ 22. Kf1 Nxh2+ 23. Kg1 Nf3+ 24. Kf1 f5 25. Red1 Rf6 26. Qd3 Bxf4 27. Qxe4 fxe4 28. Bxf4 Rxf4 29.
Ke2 Raf8 30. c4 Ne5 31. Ke3 Nxc4+ 32. Kd4 e3+ 33. Kd3 exf2 34. Rf1 Ne5+ 35. Ke3 Ng4+ 36. Ke2 Nh2 37. Rh1 f1=Q+ 38. Raxf1 Rxf1 39. Rxh2 R1f2+ 40. Rxf2 Rxf2+ 41. Kxf2 Kg8 42. Ke3 Kf8 43. Kd4 Ke7 44. Ke5 h5 45. Kf5 Kd6 46. Kg5 Kxd5 47. Kxh5 c5 48. Kg6 c4 49. Kxg7 c3 50. Kf7 c2 51.
a4 c1=Q 52. a5 Qf4+ 53. Ke7 Qh6 54. Kd7 Qg7+ 55. Kc8 Kd6 56. Kb8 Qc7+ 57. Kxa7 Qxa5+ 58. Kb8 b5 59. Kc8 Qc7# 0-1

[Event "Betsys MČR v online bleskovém šachu 2021"]
[Site "Chess.com"]
[Date "2021.04.17"]
[Round "7"]
[White "penguinorodriguez"]
[Black "xnepom"]
[Result "1-0"]
[WhiteElo "2541"]
[BlackElo "2249"]
[TimeControl "180+1"]
[EndTime "10:10:07 PDT"]
[Termination "Uživatel penguinorodriguez zvítězil po vzdání soupeře"]

1. d4 d5 2. c4 e6 3. Nf3 c5 4. cxd5 exd5 5. Nc3 Nc6 6. dxc5 d4 7. Na4 Bxc5 8. Nxc5 Qa5+ 9. Bd2 Qxc5 10. b4 Nxb4 11. Rc1 Qb6 12. e3 Nf6 13. Rb1 dxe3 14. Bxe3 Qa5 15.
Bd2 Nfd5 16. Bc4 Bf5 17. Rb3 O-O-O 18. O-O Bc2 19. Qxc2 1-0

[Event "Betsys MČR v online bleskovém šachu 2021"]
[Site "Chess.com"]
[Date "2021.04.17"]
[Round "7"]
[White "iDarkTraveler"]
[Black "DavidZidlicky"]
[Result "1-0"]
[WhiteElo "1961"]
[BlackElo "1685"]
[TimeControl "180+1"]
[EndTime "10:10:07 PDT"]
[Termination "Uživatel iDarkTraveler zvítězil po vzdání soupeře"]

1. e4 c5 2. Nf3 Nc6 3. Nc3 d6 4. Bc4 h6 5. O-O Bg4 6. h3 Bxf3 7. Qxf3 Nf6 8. b3 Ne5 9. Qe2 Nxc4 10. bxc4 g5 11. d3 Bg7 12. Rb1 b6 13. Nd5 Nxd5 14. exd5 O-O 15. Qh5 e6 16. h4 exd5 17. hxg5 dxc4 18. gxh6 Be5 19. h7+ Kh8 20. Bh6 Bg7 21.
Bxg7+ Kxg7 22. dxc4 Rh8 23. Rb3 Rxh7 24. Rg3+ Kh8 25.
Qd5 Qh4 26. Qxa8+ 1-0

[Event "Betsys MČR v online bleskovém šachu 2021"]
[Site "Chess.com"]
[Date "2021.04.17"]
[Round "7"]
[White "Pokemonchess"]
[Black "Tobish"]
[Result "1-0"]
[WhiteElo "1944"]
[BlackElo "1684"]
[TimeControl "180+1"]
[EndTime "10:10:08 PDT"]
[Termination "Uživatel Pokemonchess zvítězil po vzdání soupeře"]

1. e4 c5 2. Nf3 Nc6 3. d4 cxd4 4.
Nxd4 Nf6 5. Nc3 g6 6. Bc4 Bg7 7. Bb3 d6 8. O-O O-O 9. f3 Nxe4 10. Nxe4 Bxd4+ 11. Kh1 Bg7 12. c3 Bd7 13. Be3 Kh8 14.
Ng5 Kg8 15. Qd5 Ne5 16. f4 Bc6 17. Qd2 Nd7 18. f5 Ne5 19. fxg6 hxg6 20. Qf2 Ng4 21. Bxf7+ Rxf7 22. Qxf7+ Kh8 23. Qxg6 Qg8 24. Nf7+ 1-0

[Event "Betsys MČR v online bleskovém šachu 2021"]
[Site "Chess.com"]
[Date "2021.04.17"]
[Round "7"]
[White "doktorovak"]
[Black "Jindrich4321"]
[Result "0-1"]
[WhiteElo "1665"]
[BlackElo "1933"]
[TimeControl "180+1"]
[EndTime "10:10:11 PDT"]
[Termination "Uživatel Jindrich4321 zvítězil po vzdání soupeře"]

1. e4 e6 2. Nf3 d5 3. exd5 exd5 4. d4 Bd6 5. Bd3 Ne7 6. O-O Bg4 7. h3 Bh5 8. c3 Nbc6 9. Re1 Qd7 10. Bg5 f6 11.
Bh4 O-O 12. Bg3 Bxg3 13. fxg3 Qd6 14. g4 Bg6 15. Qc2 Rae8 16. Nbd2 f5 17. g5 Qf4 18. Rf1 Qg3 19. Rae1 f4 20. Ne5 Nxe5 21. Rxe5 Bxd3 22.
Qd1 Bxf1 23. Nxf1 Qh4 24. Qf3 c6 25. Nh2 Ng6 26. Rxe8 Rxe8 27. Ng4 Re1+ 28. Kh2 Qg3+ 0-1

[Event "Betsys MČR v online bleskovém šachu 2021"]
[Site "Chess.com"]
[Date "2021.04.17"]
[Round "7"]
[White "sharpi5135"]
[Black "Anyna"]
[Result "0-1"]
[WhiteElo "748"]
[BlackElo "800"]
[TimeControl "180+1"]
[EndTime "10:10:12 PDT"]
[Termination "Uživatel Anyna zvítězil matem"]

1. c4 Nf6 2. d3 g6 3. g3 Bg7 4. Bg2 O-O 5. Nf3 Nc6 6. Ng5 Re8 7. Nxh7 Kxh7 8. Bxc6 dxc6 9. Bg5 Bh3 10.
Bxf6 Bxf6 11. Nc3 e5 12. Ne4 Bg2 13. Rg1 Bxe4 14. dxe4 Qxd1+ 15. Rxd1 b5 16. b3 bxc4 17. Rd7 Re7 18. Rxe7 Bxe7 19. bxc4 Bb4+ 20. Kf1 Rd8 21. Kg2 Rd4 22. Rb1 c5 23. e3 Rxc4 24. Kf3 Rc2 25. a3 Bxa3 26. Rb7 a5 27. Rxc7 Kg7 28. h4 Bb4 29. Kg4 a4 30. Ra7 a3 31. Kg5 a2 32. f4 exf4 33. gxf4 Rg2# 0-1

[Event "Betsys MČR v online bleskovém šachu 2021"]
[Site "Chess.com"]
[Date "2021.04.17"]
[Round "7"]
[White "czechfant94"]
[Black "Maty_2010"]
[Result "1-0"]
[WhiteElo "1596"]
[BlackElo "990"]
[TimeControl "180+1"]
[EndTime "10:10:14 PDT"]
[Termination "Uživatel czechfant94 zvítězil matem"]

1. e4 e5 2. Nf3 Nf6 3. Nc3 Bc5 4. Bc4 Nc6 5. O-O O-O 6. d3 d6 7. Bg5 h6 8. Bh4 Bg4 9. h3 Bh5 10. Nd5 Nd4 11. Bxf6 gxf6 12. g4 Bg6 13. Nxd4 Bxd4 14. c3 Bc5 15. Kh2 c6 16. Nb4 d5 17. exd5 cxd5 18.
Bxd5 e4 19. Bxe4 Qc7+ 20. Kh1 Rad8 21. Nd5 Qc6 22. c4 b5 23. b3 bxc4 24. bxc4 Rfe8 25. Qf3 Bd4 26. Rad1 h5 27. Bxg6 fxg6 28. gxh5 gxh5 29. Qxh5 a5 30. Rg1+ Kf8 31. Qg6 Rd7 32. Qg8# 1-0

[Event "Betsys MČR v online bleskovém šachu 2021"]
[Site "Chess.com"]
[Date "2021.04.17"]
[Round "7"]
[White "Toman_26"]
[Black "tkokosek007"]
[Result "0-1"]
[WhiteElo "999"]
[BlackElo "1383"]
[TimeControl "180+1"]
[EndTime "10:10:15 PDT"]
[Termination "Uživatel tkokosek007 zvítězil po vzdání soupeře"]

1. e4 Nf6 2. e5 Nd5 3. c4 Nb6 4. d4 d6 5. exd6 cxd6 6. Nc3 g6 7. Nf3 Bg7 8. Be2 O-O 9. O-O Bf5 10. b3 Nc6 11. Bb2 d5 12. Re1 dxc4 13. Bxc4 Nxc4 14. bxc4 e6 15. d5 exd5 16. cxd5 Nb4 17. a3 Nd3 18. Qd2 Nxe1 19. Rxe1 Rc8 20. Nb5 Rc2 21.
Qb4 Rxb2 22. Qc5 Qb6 23. Qxb6 axb6 24. a4 Rb1 25. Rxb1 Bxb1 26. h3 Be4 27. d6 Bxf3 28. gxf3 Rd8 29. f4 g5 30. fxg5 Be5 31. h4 Bxd6 32.
Nxd6 Rxd6 33. Kg2 Rd4 0-1

[Event "Betsys MČR v online bleskovém šachu 2021"]
[Site "Chess.com"]
[Date "2021.04.17"]
[Round "7"]
[White "adambelaska"]
[Black "Vitana"]
[Result "0-1"]
[WhiteElo "1431"]
[BlackElo "1808"]
[TimeControl "180+1"]
[EndTime "10:10:16 PDT"]
[Termination "Uživatel Vitana zvítězil po vzdání soupeře"]

1. d4 e6 2. c4 d5 3. Nf3 Nf6 4. Nc3 Be7 5. Bf4 O-O 6. e3 c6 7. Bd3 Nbd7 8. cxd5 exd5 9. O-O Re8 10.
Qc2 Nf8 11. Ng5 h6 12. Nf3 Ne6 13. Bg3 Bd7 14. Ne5 Rc8 15. Nxf7 Kxf7 16. Bg6+ Kg8 17. Bxe8 Qxe8 18. Rac1 Nh5 19. Be5 Bf6 20. Bxf6 Nxf6 21. e4 dxe4 22. Nxe4 Nxe4 23. Qxe4 Ng5 24. Qxe8+ Rxe8 25. Rfe1 Kf7 26. d5 Rxe1+ 27. Rxe1 cxd5 28. Rc1 Bc6 29.
b4 a6 30. a4 Ke6 31. b5 axb5 32. axb5 Bxb5 33. Rc7 Bc6 34. Kf1 g6 35. f4 Ne4 36.
Rh7 h5 37. Rh6 Kf5 38. g3 d4 39. Ke2 Bb5+ 40. Kf3 Nd2+ 41. Kg2 Bd3 42. h3 Ke4 43. Rxg6 Ke3 44. Re6+ Ne4 45. g4 hxg4 46. hxg4 Bc4 47.
Re7 d3 48. Rxb7 d2 49. Rb1 Nc3 50. Ra1 Bd3 51. f5 Bb1 52. f6 d1=Q 53. Ra8 Qxg4+ 54. Kf1 0-1

[Event "Betsys MČR v online bleskovém šachu 2021"]
[Site "Chess.com"]
[Date "2021.04.17"]
[Round "7"]
[White "Hollow_Head"]
[Black "Z_u_z_i"]
[Result "0-1"]
[WhiteElo "1071"]
[BlackElo "1542"]
[TimeControl "180+1"]
[EndTime "10:10:19 PDT"]
[Termination "Uživatel Z_u_z_i zvítězil matem"]

1. e4 c5 2. Nf3 e6 3. Nc3 Nc6 4. g3 Nf6 5. Bg2 a6 6. O-O Be7 7.
d3 O-O 8. Bg5 d5 9. exd5 exd5 10.
Bxf6 Bxf6 11. Ne2 Bg4 12. c3 Re8 13. Nf4 Qd7 14. h3 Be6 15. Nxe6 Rxe6 16. Re1 Rae8 17.
Rxe6 Rxe6 18. Qf1 h6 19. Re1 b6 20. Rxe6 Qxe6 21. c4 dxc4 22. dxc4 Bxb2 23. Qb1 Qf6 24.
Nd2 Nb4 25. Ne4 Qd4 26. h4 Nd3 27. Kf1 f5 28. Ke2 fxe4 29. Kd2 Nxf2+ 30. Ke1 e3 31. Bd5+ Kh8 32. Qf5 Bc3+ 33. Kf1 Qd1+ 34. Kg2 Qh1# 0-1

[Event "Betsys MČR v online bleskovém šachu 2021"]
[Site "Chess.com"]
[Date "2021.04.17"]
[Round "7"]
[White "MilosJi"]
[Black "Tretrik"]
[Result "1-0"]
[WhiteElo "2574"]
[BlackElo "2128"]
[TimeControl "180+1"]
[EndTime "10:10:22 PDT"]
[Termination "Uživatel MilosJi zvítězil po vzdání soupeře"]

1. Nf3 f5 2. g3 Nf6 3. Bg2 g6 4. O-O Bg7 5. d4 O-O 6. b3 b6 7.
Bb2 Bb7 8. c4 e6 9. Nc3 a5 10. Rc1 Qe7 11. Re1 d6 12. e3 Nbd7 13.
Nd2 Bxg2 14. Kxg2 h5 15. f4 e5 16. h3 h4 17. Qf3 e4 18. Qf2 hxg3 19. Qxg3 Kf7 20.
Rg1 Nh5 21. Qf2 Bf6 22. Nd5 Bh4 23. Nxe7 Bxf2 24. Kxf2 Kxe7 25. Rxg6 Rg8 26. Rcg1 Kf7 27. R6g5 Rxg5 28. Rxg5 Ng7 29. Nb1 c6 30. d5 Nf6 31.
dxc6 Rc8 32. Nc3 Rxc6 33. Nd5 1-0